 Dungeon Crawl Stone Soup version 0.29.0-4-gdea44cf6ec (webtiles) character file.

Game seed: 5963746630589594359

15461 qw the Brawler (level 12, -1/118 HPs)
             Began as a Troll Cinder Acolyte on Aug 31, 2022.
             Was an Initiate of Ignis.
             Slain by a yak (8 damage)
             ... on level 2 of the Lair of Beasts.
             The game lasted 00:04:46 (8551 turns).

qw the Brawler (Troll Cinder Acolyte)               Turns: 8551, Time: 00:04:47

Health: -1/118     AC: 18    Str: 35    XL:     12   Next: 1%
Magic:  12/12      EV:  9    Int: 10    God:    Ignis [......]
Gold:   727        SH:  5    Dex:  5    Spells: 13/13 levels left

rFire   + . .      SeeInvis .     - Unarmed
rCold   . . .      Faith    .   (no shield)
rNeg    . . .      Spirit   .   a - +3 steam dragon scales
rPois   .          Reflect  +   (helmet restricted)
rElec   .          Harm     .   h - +0 cloak
rCorr   .          Rampage  .   (gloves unavailable)
Will    +....                   (boots unavailable)
Stlth   +.........              l - amulet of reflection
HPRegen 1.09/turn               e - ring of willpower
MPRegen 0.13/turn               g - +6 ring of strength

@: lethally poisoned (-1 -> -13), about to teleport, fiery-armoured
A: large, unfitting armour, claws 3, regeneration 1, shaggy fur 1, tough skin 1
a: Renounce Religion, Rising Flame


You were on level 2 of the Lair of Beasts.
You worshipped Ignis.
Ignis was noncommittal.
You visited 2 branches of the dungeon, and saw 11 of its levels.

You collected 727 gold pieces.


Innate Abilities, Weirdness & Mutations

You are too large for most types of armour.
You have claws for hands.
Your natural rate of healing is unusually fast.
You are covered in fur. (AC +1)
You have tough skin. (AC +1)


   Skills:
 - Level 7.0 Fighting
 - Level 4.3 Throwing
 - Level 2.0 Armour
 - Level 2.4 Dodging
 + Level 16.7 Unarmed Combat
 - Level 1.0 Spellcasting
 - Level 2.1 Fire Magic


You had 13 spell levels left.
You didn't know any spells.
Your spell library contained the following spells:

 Spells                   Type           Power      Damage    Failure   Level
 Scorch                   Fire           8%         2d5       22%         2

Inventory:

Missiles
 m - 4 boomerangs (quivered)
Armour
 a - +3 steam dragon scales (worn)
 h - a +0 cloak (worn)
Jewellery
 e - a ring of willpower (left claw)
 g - a +6 ring of strength (right claw)
 l - an amulet of reflection (around neck)
Wands
 p - a wand of digging (6)
Scrolls
 c - a scroll of teleportation
 i - a scroll of poison {unknown}
 n - a scroll of identify
Potions
 b - a potion of haste
 d - a potion of curing
 f - a potion of cancellation
 j - a potion of mutation
 k - a potion of invisibility {unknown}
 o - a potion of magic {unknown}
 q - a potion of degeneration {unknown}

Dungeon Overview and Level Annotations

Branches:
Dungeon (9/15)             Temple (0/1) D:4            Lair (2/5) D:9
  Swamp: Lair:2-3    Shoals: Lair:2-3     Snake: Lair:2-3    Spider: Lair:2-3
    Orc: D:9-12

Altars:
Fedhas
Kikubaaqudgha
Uskayaw

Annotations:
D:6 1 runed translucent door, qw's ghost, amateur TeWr
D:8 2 runed translucent doors, qw's ghost, novice TrCA


Message History

The cane toad is burned by your cloak of flames.
The cane toad is heavily wounded.
You mangle the yak!!
You kill the yak!
You feel extremely sick.
The cane toad stings you but does no damage.
The cane toad is burned by your cloak of flames.
The cane toad is heavily wounded.
You closely miss the cane toad. You claw the cane toad!
The cane toad is almost dead.
You feel very sick. You block the cane toad's attack.
You scratch the cane toad but do no damage.
The cane toad is almost dead.
You feel very sick. The cane toad stings you.
You are lethally poisoned!
The cane toad poisons you!
The cane toad is burned by your cloak of flames.
You kill the cane toad!
You have reached level 12!
You feel stronger.
You mangle the yak!!
The yak is almost dead.
You feel extremely sick. The yak barely misses you.
8549 ||| READING 2 scrolls of teleportation.
As you read the scroll of teleportation, it crumbles to dust.
You feel strangely unstable.
You feel extremely sick. The yak gores you.
The yak is burned by your cloak of flames.
You kill the yak!
The yak barely misses you.
You scratch the yak but do no damage.
You feel very sick.
You mangle the yak!!
The yak is severely wounded.
You feel very sick. The yak gores you!
You die...

...8....................
.....#..................
.......#................
#.....#.................
###+.###.#+#.#.P......##
... ####.##.#......P.
..## .8. ##......... ..
.... #......... ....<.
#P@%...... ......
##Y.....## .##.8.
#........# ##........
#.#+#####.......#
#................
...............)..
..................
.#................


You could see a yak.

Vanquished Creatures
  A hydra (Lair:1)
  Erica (D:9)
  A two-headed ogre (D:8)
  A black mamba (Lair:1)
  7 cane toads
  4 unseen horror zombies (D:9)
  A komodo dragon (Lair:2)
  A hornet (D:6)
  A polar bear (Lair:1)
  Grinder (D:3)
  Sigmund (D:2)
  21 yaks
  A wyvern (Lair:2)
  5 humans (D:9)
  2 steam dragons
  5 water moccasins
  An acid dragon (D:6)
  Duvessa (D:6)
  2 orc warriors
  3 black bears
  An ice beast (D:6)
  3 sky beasts
  5 centaurs
  2 phantoms (D:5)
  Blork the orc (D:6)
  5 bullfrogs
  A gnoll sergeant (D:6)
  7 scorpions
  4 necrophages
  2 wights (D:9)
  Dowan (D:6)
  An elephant simulacrum (Lair:1)
  7 killer bees (D:9)
  6 howler monkeys
  3 orc priests
  4 gnoll boudas
  7 hounds
  3 jellies
  A human zombie (D:9)
  Ijyb (D:3)
  6 iguanas (D:6)
  Natasha (thrice) (D:2)
  2 orc wizards (D:7)
  A mummy (D:9)
  A howler monkey zombie (D:9)
  25 gnolls
  9 adders
  2 shadow imps (D:5)
  2 white imps
  A worm (D:3)
  3 dart slugs
  27 orcs
  4 ball pythons
  4 bats
  4 endoplasms
  4 goblins
  6 hobgoblins
  11 kobolds
  A quokka (D:3)
  6 frilled lizards
  6 rats
254 creatures vanquished.

Vanquished Creatures (others)
  A kobold brigand (D:7)
  An adder (D:6)
  3 fungi
  4 plants
9 creatures vanquished.

Grand Total: 263 creatures vanquished

Notes
Turn   | Place    | Note
-------+----------+-------------------------------------------
     0 | D:1      | qw the Troll Cinder Acolyte began the quest for the Orb.
     0 | D:1      | Reached XP level 1. HP: 22/22 MP: 1/1
     0 | D:1      | 0 ||| qw: Version: 0.1-a-97-g2dd2ca4
     0 | D:1      | 0 ||| qw: Game counter: 4562
     0 | D:1      | 0 ||| qw: Always use a shield: true
     0 | D:1      | 0 ||| qw: God list: Okawaru
     0 | D:1      | 0 ||| qw: Allow faded altars: false
     0 | D:1      | 0 ||| qw: Do Orc after D:15 true
     0 | D:1      | 0 ||| qw: Do second Lair branch before Depths: true
     0 | D:1      | 0 ||| qw: Lair rune preference: random
     0 | D:1      | 0 ||| qw: Plans: Normal
     0 | D:1      | 0 ||| PLANNING D:1-11
   194 | D:1      | Reached XP level 2. HP: 29/29 MP: 2/2
   686 | D:1      | 686 ||| READING scroll labelled VONLEOSAIC.
   787 | D:1      | 787 ||| READING scroll labelled WUGGUGHYBBU.
   790 | D:1      | 790 ||| READING scroll labelled IGOSTIEHEU.
   824 | D:2      | Reached skill level 4 in Unarmed Combat
   824 | D:2      | Reached XP level 3. HP: 36/36 MP: 3/3
   826 | D:2      | Noticed Natasha
   827 | D:2      | 827 ||| Stepping ~*~*~tactically~*~*~ (hiding).
   837 | D:2      | Killed Natasha
   851 | D:2      | 851 ||| Stepping ~*~*~tactically~*~*~ (stealth).
   911 | D:2      | Noticed Sigmund
   916 | D:2      | 916 ||| INVOKING Fiery Armour.
   919 | D:2      | Killed Sigmund
   920 | D:2      | Reached skill level 6 in Unarmed Combat
   920 | D:2      | Reached XP level 4. HP: 26/44 MP: 4/4
   920 | D:2      | Reached XP level 5. HP: 29/50 MP: 5/5
  1001 | D:2      | Noticed Natasha
  1002 | D:2      | 1002 ||| Stepping ~*~*~tactically~*~*~ (hiding).
  1008 | D:2      | Killed Natasha
  1113 | D:2      | 1113 ||| Stepping ~*~*~tactically~*~*~ (stealth).
  1119 | D:2      | 1119 ||| Stepping ~*~*~tactically~*~*~ (outnumbered).
  1123 | D:2      | 1123 ||| Stepping ~*~*~tactically~*~*~ (outnumbered).
  1179 | D:2      | Noticed Natasha
  1180 | D:2      | 1180 ||| Stepping ~*~*~tactically~*~*~ (hiding).
  1188 | D:2      | Killed Natasha
  1189 | D:2      | Reached XP level 6. HP: 52/59 MP: 6/6
  1332 | D:2      | Found a faded altar of an unknown god.
  1416 | D:2      | Reached skill level 7 in Unarmed Combat
  1558 | D:2      | 1558 ||| UPGRADING to +0 robe of positive energy.
  1568 | D:2      | 1568 ||| DROPPING +0 robe.
  1569 | D:2      | 1569 ||| READING scroll labelled GAKIPR BIBRI.
  1570 | D:2      | 1570 ||| READING scroll labelled BEDDUO UBRAOM.
  1571 | D:2      | 1571 ||| DRINKING 2 silvery potions.
  1572 | D:2      | 1572 ||| DROPPING scroll of immolation.
  1593 | D:3      | 1593 ||| STAIRDANCE
  1695 | D:3      | Noticed Grinder
  1703 | D:3      | Killed Grinder
  1704 | D:3      | Reached skill level 8 in Unarmed Combat
  1805 | D:3      | Noticed Ijyb
  1814 | D:3      | Killed Ijyb
  1815 | D:3      | Reached XP level 7. HP: 59/66 MP: 7/7
  2061 | D:3      | 2061 ||| READING scroll labelled PUCOPSAMEU.
  2212 | D:4      | Reached skill level 3 in Fighting
  2231 | D:4      | 2231 ||| Stepping ~*~*~tactically~*~*~ (hiding).
  2271 | D:4      | 2271 ||| Stepping ~*~*~tactically~*~*~ (outnumbered).
  2272 | D:4      | 2272 ||| Stepping ~*~*~tactically~*~*~ (outnumbered).
  2287 | D:4      | Identified the +0 ring mail "Lecu" {Harm rElec rC++ Stlth-}
  2424 | D:4      | Found a staircase to the Ecumenical Temple.
  2706 | D:4      | 2706 ||| INVOKING Fiery Armour.
  2843 | D:4      | 2843 ||| UPGRADING to amulet of reflection.
  2848 | D:4      | 2848 ||| READING scroll labelled KATUOLETYE.
  2849 | D:4      | 2849 ||| DRINKING 2 bubbling red potions.
  2872 | D:5      | Entered Level 5 of the Dungeon
  2882 | D:5      | Reached skill level 9 in Unarmed Combat
  2958 | D:5      | Reached skill level 1 in Dodging
  3027 | D:5      | Reached XP level 8. HP: 66/75 MP: 8/8
  3107 | D:5      | 3107 ||| Stepping ~*~*~tactically~*~*~ (hiding).
  3620 | D:5      | 3620 ||| READING scroll labelled RIDEIPNI OSTRY.
  3621 | D:5      | 3621 ||| READING scroll labelled DOGIATHEBOWK.
  3622 | D:5      | 3622 ||| READING 3 scrolls of identify.
  3622 | D:5      | 3622 ||| IDENTIFYING green potion
  3623 | D:5      | 3623 ||| READING 2 scrolls of identify.
  3623 | D:5      | 3623 ||| IDENTIFYING glowing red potion
  3624 | D:5      | 3624 ||| DROPPING potion of brilliance.
  3654 | D:6      | Noticed Dowan
  3655 | D:6      | Noticed Duvessa
  3656 | D:6      | 3656 ||| INVOKING Fiery Armour.
  3661 | D:6      | Reached skill level 10 in Unarmed Combat
  3663 | D:6      | Killed Duvessa
  3674 | D:6      | Killed Dowan
  3730 | D:6      | 3730 ||| Stepping ~*~*~tactically~*~*~ (hiding).
  3731 | D:6      | 3731 ||| Stepping ~*~*~tactically~*~*~ (hiding).
  3783 | D:6      | 3783 ||| INVOKING Fiery Armour.
  3881 | D:6      | Reached skill level 11 in Unarmed Combat
  3913 | D:6      | 3913 ||| Stepping ~*~*~tactically~*~*~ (hiding).
  3924 | D:6      | Reached XP level 9. HP: 78/84 MP: 9/9
  4067 | D:6      | Found a runed translucent door.
  4120 | D:6      | Noticed qw's ghost (amateur TeWr)
  4148 | D:6      | 4148 ||| Stepping ~*~*~tactically~*~*~ (stealth).
  4178 | D:6      | Reached skill level 1 in Throwing
  4203 | D:6      | 4203 ||| Stepping ~*~*~tactically~*~*~ (stealth).
  4205 | D:6      | 4205 ||| Stepping ~*~*~tactically~*~*~ (stealth).
  4206 | D:6      | 4206 ||| Stepping ~*~*~tactically~*~*~ (stealth).
  4207 | D:6      | 4207 ||| Stepping ~*~*~tactically~*~*~ (stealth).
  4209 | D:6      | 4209 ||| Stepping ~*~*~tactically~*~*~ (stealth).
  4210 | D:6      | Noticed Blork the orc
  4211 | D:6      | 4211 ||| INVOKING Fiery Armour.
  4214 | D:6      | 4214 ||| STAIRDANCE
  4217 | D:5      | 4217 ||| READING scroll labelled ISTRO ISYRCHICLA.
  4218 | D:5      | 4218 ||| READING 2 scrolls of identify.
  4218 | D:5      | 4218 ||| IDENTIFYING fizzy white potion
  4219 | D:5      | 4219 ||| DROPPING potion of attraction.
  4222 | D:6      | 4222 ||| STAIRDANCE
  4231 | D:6      | 4231 ||| STAIRDANCE
  4235 | D:6      | 4235 ||| Stepping ~*~*~tactically~*~*~ (outnumbered).
  4237 | D:6      | 4237 ||| STAIRDANCE
  4264 | D:5      | 4264 ||| UPGRADING to +0 steam dragon scales.
  4274 | D:5      | 4274 ||| DROPPING +0 robe of positive energy.
  4275 | D:5      | 4275 ||| READING 2 scrolls of enchant armour.
  4275 | D:5      | 4275 ||| ENCHANTING +0 steam dragon scales.
  4276 | D:5      | 4276 ||| READING scroll of enchant armour.
  4276 | D:5      | 4276 ||| ENCHANTING +1 steam dragon scales.
  4286 | D:6      | Reached skill level 1 in Armour
  4289 | D:6      | Killed Blork the orc
  4290 | D:6      | Reached skill level 12 in Unarmed Combat
  4498 | D:6      | 4498 ||| FLEEEEING.
  4499 | D:6      | 4499 ||| FLEEEEING.
  4500 | D:6      | 4500 ||| FLEEEEING.
  4598 | D:6      | 4598 ||| Stepping ~*~*~tactically~*~*~ (stealth).
  4672 | D:7      | 4672 ||| STAIRDANCE
  4672 | D:7      | Paralysed by a hornet for 3 turns
  4675 | D:7      | 4675 ||| STAIRDANCE
  4677 | D:6      | 4677 ||| INVOKING Fiery Armour.
  4679 | D:6      | HP: 22/88 [poisoned by a hornet]
  4680 | D:6      | 4680 ||| READING 4 scrolls of teleportation.
  4680 | D:6      | Paralysed by a hornet for 3 turns
  4681 | D:6      | Reached skill level 13 in Unarmed Combat
  4681 | D:6      | HP: 10/88 [poisoned by a hornet]
  4684 | D:6      | HP: 4/88 [poisoned by a hornet]
  4878 | D:7      | Found a hide-covered altar of Uskayaw.
  4924 | D:7      | 4924 ||| Stepping ~*~*~tactically~*~*~ (stealth).
  4929 | D:7      | 4929 ||| Stepping ~*~*~tactically~*~*~ (stealth).
  4939 | D:7      | 4939 ||| Stepping ~*~*~tactically~*~*~ (stealth).
  4953 | D:7      | 4953 ||| Stepping ~*~*~tactically~*~*~ (outnumbered).
  4957 | D:7      | 4957 ||| Stepping ~*~*~tactically~*~*~ (outnumbered).
  5136 | D:7      | 5136 ||| Stepping ~*~*~tactically~*~*~ (outnumbered).
  5137 | D:7      | 5137 ||| Stepping ~*~*~tactically~*~*~ (hiding).
  5141 | D:7      | 5141 ||| Stepping ~*~*~tactically~*~*~ (outnumbered).
  5145 | D:7      | Reached XP level 10. HP: 96/96 MP: 10/10
  5265 | D:7      | 5265 ||| Stepping ~*~*~tactically~*~*~ (hiding).
  5267 | D:7      | 5267 ||| Stepping ~*~*~tactically~*~*~ (hiding).
  5386 | D:7      | 5386 ||| Stepping ~*~*~tactically~*~*~ (outnumbered).
  5387 | D:7      | 5387 ||| Stepping ~*~*~tactically~*~*~ (outnumbered).
  5388 | D:7      | 5388 ||| Stepping ~*~*~tactically~*~*~ (outnumbered).
  5389 | D:7      | 5389 ||| Stepping ~*~*~tactically~*~*~ (outnumbered).
  5390 | D:7      | 5390 ||| Stepping ~*~*~tactically~*~*~ (outnumbered).
  5391 | D:7      | 5391 ||| Stepping ~*~*~tactically~*~*~ (outnumbered).
  5537 | D:7      | 5537 ||| READING scroll labelled PAENOI GOTUCIB.
  5556 | D:8      | Found a large runed translucent door.
  5557 | D:8      | Found a large runed translucent door.
  5558 | D:8      | Noticed qw's ghost (novice TrCA)
  5560 | D:8      | 5560 ||| INVOKING Fiery Armour.
  5612 | D:8      | 5612 ||| Stepping ~*~*~tactically~*~*~ (hiding).
  5613 | D:8      | 5613 ||| Stepping ~*~*~tactically~*~*~ (hiding).
  5625 | D:8      | 5625 ||| Stepping ~*~*~tactically~*~*~ (outnumbered).
  5627 | D:8      | 5627 ||| Stepping ~*~*~tactically~*~*~ (outnumbered).
  5635 | D:8      | Reached skill level 3 in Throwing
  5747 | D:8      | 5747 ||| Stepping ~*~*~tactically~*~*~ (stealth).
  5753 | D:8      | 5753 ||| Stepping ~*~*~tactically~*~*~ (stealth).
  5754 | D:8      | Noticed a two-headed ogre
  5756 | D:8      | 5756 ||| Stepping ~*~*~tactically~*~*~ (hiding).
  5763 | D:8      | 5763 ||| DRINKING 2 potions of curing.
  5763 | D:8      | 5763 ||| (to cure confusion)
  5765 | D:8      | HP: 23/96 [two-headed ogre/+0 giant club (30)]
  5765 | D:8      | HP: 10/96 [two-headed ogre/+0 giant club (13)]
  5766 | D:8      | 5766 ||| READING 4 scrolls of teleportation.
  5767 | D:8      | 5767 ||| DRINKING potion of heal wounds.
  5768 | D:8      | 5768 ||| INVOKING Fiery Armour.
  5769 | D:8      | 5769 ||| READING 3 scrolls of teleportation.
  5774 | D:8      | 5774 ||| READING 2 scrolls of teleportation.
  5819 | D:8      | 5819 ||| Stepping ~*~*~tactically~*~*~ (stealth).
  5866 | D:8      | 5866 ||| Stepping ~*~*~tactically~*~*~ (outnumbered).
  5867 | D:8      | 5867 ||| Stepping ~*~*~tactically~*~*~ (outnumbered).
  5868 | D:8      | 5868 ||| Stepping ~*~*~tactically~*~*~ (outnumbered).
  5869 | D:8      | 5869 ||| Stepping ~*~*~tactically~*~*~ (outnumbered).
  5870 | D:8      | 5870 ||| Stepping ~*~*~tactically~*~*~ (outnumbered).
  5871 | D:8      | 5871 ||| Stepping ~*~*~tactically~*~*~ (outnumbered).
  5872 | D:8      | 5872 ||| Stepping ~*~*~tactically~*~*~ (outnumbered).
  5873 | D:8      | 5873 ||| Stepping ~*~*~tactically~*~*~ (outnumbered).
  5876 | D:8      | 5876 ||| Stepping ~*~*~tactically~*~*~ (outnumbered).
  5878 | D:8      | 5878 ||| Stepping ~*~*~tactically~*~*~ (outnumbered).
  6053 | D:8      | 6053 ||| READING scroll of enchant armour.
  6053 | D:8      | 6053 ||| ENCHANTING +2 steam dragon scales.
  6224 | D:8      | Killed a two-headed ogre
  6267 | D:8      | 6267 ||| READING scroll labelled GIM ADAKOZ.
  6268 | D:8      | 6268 ||| DRINKING 2 bubbling silvery potions.
  6309 | D:8      | 6309 ||| DROPPING potion of lignification.
  6344 | D:9      | Found a blossoming altar of Fedhas.
  6507 | D:9      | 6507 ||| Stepping ~*~*~tactically~*~*~ (stealth).
  6510 | D:9      | Reached skill level 14 in Unarmed Combat
  6717 | D:9      | Noticed Erica
  6718 | D:9      | 6718 ||| INVOKING Fiery Armour.
  6724 | D:9      | 6724 ||| DRINKING potion of curing.
  6724 | D:9      | 6724 ||| (to cure confusion)
  6729 | D:9      | Killed Erica
  6730 | D:9      | Reached skill level 6 in Fighting
  6894 | D:9      | 6894 ||| Stepping ~*~*~tactically~*~*~ (stealth).
  7041 | D:9      | 7041 ||| Stepping ~*~*~tactically~*~*~ (hiding).
  7043 | D:9      | 7043 ||| Stepping ~*~*~tactically~*~*~ (hiding).
  7072 | D:9      | Found a staircase to the Lair.
  7108 | D:9      | 7108 ||| Stepping ~*~*~tactically~*~*~ (stealth).
  7109 | D:9      | 7109 ||| Stepping ~*~*~tactically~*~*~ (stealth).
  7118 | D:9      | 7118 ||| Stepping ~*~*~tactically~*~*~ (stealth).
  7119 | D:9      | 7119 ||| Stepping ~*~*~tactically~*~*~ (stealth).
  7167 | D:9      | Reached XP level 11. HP: 105/105 MP: 11/11
  7174 | D:9      | Reached skill level 15 in Unarmed Combat
  7182 | D:9      | Found an ancient bone altar of Kikubaaqudgha.
  7398 | D:9      | 7398 ||| PLANNING LAIR
  7398 | D:9      | 7398 ||| UPGRADING to ring of willpower.
  7399 | D:9      | 7399 ||| UPGRADING to +6 ring of strength.
  7400 | D:9      | 7400 ||| READING 3 scrolls of identify.
  7400 | D:9      | 7400 ||| IDENTIFYING red potion
  7401 | D:9      | 7401 ||| READING 2 scrolls of identify.
  7401 | D:9      | 7401 ||| IDENTIFYING golden potion
  7402 | D:9      | 7402 ||| DROPPING potion of berserk rage.
  7455 | Lair:1   | Entered Level 1 of the Lair of Beasts
  7648 | Lair:1   | 7648 ||| Stepping ~*~*~tactically~*~*~ (stealth).
  7726 | Lair:1   | You fall into a shaft and drop 1 floor!
  7744 | Lair:2   | 7744 ||| Stepping ~*~*~tactically~*~*~ (outnumbered).
  7750 | Lair:2   | 7750 ||| Stepping ~*~*~tactically~*~*~ (outnumbered).
  7810 | Lair:2   | 7810 ||| Stepping ~*~*~tactically~*~*~ (stealth).
  7816 | Lair:2   | 7816 ||| INVOKING Fiery Armour.
  7825 | Lair:2   | Reached skill level 16 in Unarmed Combat
  7826 | Lair:2   | 7826 ||| UPGRADING to +0 cloak.
  7831 | Lair:2   | 7831 ||| DROPPING amulet of the acrobat.
  7910 | Lair:1   | 7910 ||| Stepping ~*~*~tactically~*~*~ (stealth).
  7923 | Lair:1   | 7923 ||| Stepping ~*~*~tactically~*~*~ (stealth).
  7926 | Lair:1   | 7926 ||| Stepping ~*~*~tactically~*~*~ (outnumbered).
  7927 | Lair:1   | 7927 ||| Stepping ~*~*~tactically~*~*~ (outnumbered).
  7928 | Lair:1   | 7928 ||| Stepping ~*~*~tactically~*~*~ (outnumbered).
  7929 | Lair:1   | 7929 ||| Stepping ~*~*~tactically~*~*~ (outnumbered).
  7930 | Lair:1   | 7930 ||| Stepping ~*~*~tactically~*~*~ (outnumbered).
  7986 | Lair:1   | Noticed a six-headed hydra
  7987 | Lair:1   | 7987 ||| INVOKING Fiery Armour.
  7992 | Lair:1   | 7992 ||| Stepping ~*~*~tactically~*~*~ (outnumbered).
  7998 | Lair:1   | Killed a nine-headed hydra
  8056 | Lair:1   | 8056 ||| Stepping ~*~*~tactically~*~*~ (stealth).
  8059 | Lair:1   | 8059 ||| Stepping ~*~*~tactically~*~*~ (stealth).
  8061 | Lair:1   | 8061 ||| Stepping ~*~*~tactically~*~*~ (stealth).
  8065 | Lair:1   | 8065 ||| Stepping ~*~*~tactically~*~*~ (stealth).
  8068 | Lair:1   | 8068 ||| Stepping ~*~*~tactically~*~*~ (outnumbered).
  8425 | Lair:1   | 8425 ||| READING 3 scrolls of identify.
  8425 | Lair:1   | 8425 ||| IDENTIFYING sedimented golden potion
  8426 | Lair:1   | 8426 ||| READING 2 scrolls of identify.
  8426 | Lair:1   | 8426 ||| IDENTIFYING clear potion
  8427 | Lair:1   | 8427 ||| DROPPING potion of flight.
  8525 | Lair:2   | 8525 ||| INVOKING Fiery Armour.
  8526 | Lair:2   | 8526 ||| Stepping ~*~*~tactically~*~*~ (outnumbered).
  8527 | Lair:2   | 8527 ||| Stepping ~*~*~tactically~*~*~ (outnumbered).
  8528 | Lair:2   | 8528 ||| Stepping ~*~*~tactically~*~*~ (outnumbered).
  8530 | Lair:2   | 8530 ||| Stepping ~*~*~tactically~*~*~ (outnumbered).
  8534 | Lair:2   | 8534 ||| Stepping ~*~*~tactically~*~*~ (outnumbered).
  8535 | Lair:2   | 8535 ||| Stepping ~*~*~tactically~*~*~ (outnumbered).
  8539 | Lair:2   | 8539 ||| Stepping ~*~*~tactically~*~*~ (outnumbered).
  8548 | Lair:2   | Reached XP level 12. HP: 34/118 MP: 12/12
  8548 | Lair:2   | HP: 27/118 [poisoned by a cane toad]
  8549 | Lair:2   | 8549 ||| READING 2 scrolls of teleportation.
  8550 | Lair:2   | HP: 10/118 [poisoned by a cane toad]
  8551 | Lair:2   | Slain by a yak

Levels and vault maps discovered:
D:1:      minmay_arrival_semitransparent, layout_loops_ring
D:2:      layout_basic, hellmonk_ecumenical_altar_blasted,
          uniq_crazy_yiuf_cottage, uniq_natasha, uniq_sigmund
D:3:      layout_rooms, uniq_ijyb, uniq_grinder
D:4:      layout_basic, minmay_temple_entry_enclosed_plants,
          kennysheep_generic_room_5
D:5:      layout_loops_cross, minmay_tree_intersection,
          chequers_serial_rivers_micro_a
D:6:      minmay_razor_zed, layout_cave_pools, ebering_ghost_reflecting_pool,
          minmay_between, uniq_duvessa, uniq_blork_the_orc
D:7:      layout_gridville, mainiacjoe_overflow_brackets
D:8:      layout_cave_pools, ebering_ghost_disaster_area
D:9:      layout_loops_corners, old_standard_altar,
          lemuel_mausoleum_altar_kikubaaqudgha, lair_entry_dummy,
          minmay_ruffians, uniq_erica
Lair:1:   layout_cave_pods, portal_ice_cave_entry_ice_simulacra
Lair:2:   layout_regular_city, hellmonk_spider_entry_life_and_decay,
          beast_lair_carwin_3, grunt_megastairs_1

Skill      XL: |  1  2  3  4  5  6  7  8  9 10 11 |
---------------+----------------------------------+-----
Unarmed Combat | 4 6 8 9 11 13 14 16 | 16.7
Fighting       | 3 4 5 6 7 |  7.0
Dodging        | 1 2 |  2.4
Throwing       | 1 3 4 |  4.3
Armour         | 1 2 |  2.0
Spellcasting   | |  1.0
Fire Magic     | |  2.1

Action                   |  1- 3 |  4- 6 |  7- 9 | 10-12 || total
-------------------------+-------+-------+-------+-------++-------
Melee: Unarmed           |    38 |    67 |   266 |   260 ||   631
       Punch             |     1 |     1 |    11 |    15 ||    28
Throw: Boomerang         |       |       |    19 |    39 ||    58
       Javelin           |       |       |     5 |    22 ||    27
Invok: Fiery Armour      |     1 |       |     5 |     6 ||    12
  Use: Scroll            |     3 |     2 |    11 |    11 ||    27
       Potion            |       |     1 |     1 |     4 ||     6
 Stab: Distracted        |       |       |       |     1 ||     1
Armor: Robe              |     5 |    18 |    43 |       ||    66
       Steam dragon scal |       |       |    14 |    87 ||   101
Dodge: Dodged            |     8 |    22 |    98 |    86 ||   214
Block: Other             |       |       |    35 |    37 ||    72
       Reflection        |       |       |     3 |     2 ||     5

Table legend:
 A = Non-vault XP
 B = Vault XP
 C = Vault XP percentage of total XP
 D = Non-vault monster count
 E = Vault monster count
 F = Vault count percentage of total count
                 A         B        C        D         E       F
            +---------+---------+-------+---------+---------+-------
      Total |   14729 |    7359 |  33.3 |     199 |      55 |  21.7
            +---------+---------+-------+---------+---------+-------
        D:1 |      28 |       0 |   0.0 |      16 |       0 |   0.0
        D:2 |     123 |     282 |  69.6 |      20 |       2 |   9.1
        D:3 |      36 |     300 |  89.3 |      12 |       2 |  14.3
        D:4 |     196 |      82 |  29.5 |      11 |       3 |  21.4
        D:5 |     937 |       0 |   0.0 |      19 |       0 |   0.0
        D:6 |    1634 |    1673 |  50.6 |      28 |      24 |  46.2
        D:7 |     564 |       0 |   0.0 |      25 |       0 |   0.0
        D:8 |    1776 |       0 |   0.0 |      22 |       0 |   0.0
        D:9 |     712 |    3813 |  84.3 |      13 |      18 |  58.1
     Lair:1 |    5970 |      63 |   1.0 |      22 |       1 |   4.3
     Lair:2 |    2753 |    1146 |  29.4 |      11 |       5 |  31.2
            +---------+---------+-------+---------+---------+-------
